 Dungeon Crawl Stone Soup version 0.29-a0-813-g4a14ea37d6 (webtiles) character file.

Game seed: 15528550638039276196

14 LynnLen the Sneak (level 2, 0/15 HPs)
             Began as a Vampire Enchanter on July 4, 2022.
             Slain by a quokka (2 damage)
             ... on level 2 of the Dungeon.
             The game lasted 00:02:26 (710 turns).

LynnLen the Sneak (Vampire Enchanter)                Turns: 710, Time: 00:02:26

Health: 0/15       AC:  3    Str:  7    XL:     2   Next: 31%
Magic:  5/5        EV: 12    Int: 17    God:
Gold:   32         SH:  0    Dex: 14    Spells: 5/5 levels left

rFire   . . .      SeeInvis +   a - +1 dagger
rCold   + + .      Faith    .   (no shield)
rNeg    + + +      Spirit   .   g - +0 leather armour
rPois   ∞          Reflect  .   (no helmet)
rElec   .          Harm     .   (no cloak)
rCorr   .          Rampage  .   (no gloves)
Will    .....                   (no boots)
Stlth   +++++.....              (no amulet)
HPRegen 0.00/turn               (no ring)
MPRegen 0.09/turn               (no ring)

@: bloodless, inhibited regen
A: bloodless, fangs 3, see invisible, vampiric 1
a: Revivify


You were on level 2 of the Dungeon.
You visited 1 branch of the dungeon, and saw 2 of its levels.

You collected 32 gold pieces.

Inventory:

Hand Weapons
 a - a +1 dagger (weapon)
Missiles
 f - 6 poisoned darts (quivered)
Armour
 g - a +0 leather armour (worn)
Potions
 b - a potion of might {unknown}
 c - 2 potions of invisibility
 d - a potion of curing {unknown}
 e - 2 potions of lignification {unknown}


   Skills:
 + Level 1.1 Short Blades
 * Level 2.5 Dodging
 * Level 5.2 Stealth
 + Level 2.1 Spellcasting
 + Level 4.4 Hexes


You had 5 spell levels left.
You didn't know any spells.
Your spell library contained the following spells:

 Spells                   Type           Power      Damage    Failure   Level
 Confusing Touch          Hex            16%        N/A       14%         3
 Tukima's Dance           Hex            16%        N/A       14%         3
 Ensorcelled Hibernation  Hex/Ice        18%        N/A       17%         2
 Dazzling Flash           Conj/Hex       18%        N/A       34%         3
 Summon Guardian Golem    Hex/Summ       9%         N/A       34%         3
 Gell's Gravitas          Tloc           1%         N/A       65%         3
 Lesser Beckoning         Tloc           1%         N/A       65%         3
 Teleport Other           Tloc           1%         N/A       65%         3
 Orb of Destruction       Conj           0%         9d5       100%        7
 Spellforged Servitor     Conj/Summ      0%         N/A       100%        7


Dungeon Overview and Level Annotations

Branches:
Dungeon (2/15)

Altars:


Innate Abilities, Weirdness & Mutations

You do not regenerate when monsters are visible.
You are frail without blood (-20% HP).
You can heal yourself when you bite living creatures.
You are immune to poison.
You have razor-sharp teeth.
You have supernaturally acute eyesight. (SInv)
You are afflicted with vampirism.


Message History

You closely miss the adder.
The adder is heavily wounded.
The adder bites you. The quokka closely misses you.
You closely miss the adder. You bite the adder, but do no damage.
The adder is heavily wounded.
The adder bites you. The quokka barely misses you. The adder barely misses you.
You hit the adder.
The adder is severely wounded.
The quokka bites you. The adder misses you.
You closely miss the adder. Your bite misses the adder.
The adder is severely wounded.
The adder bites you. The quokka misses you.
You barely miss the adder.
The adder is severely wounded.
The adder barely misses you. The quokka closely misses you.
You miss the adder. Your bite misses the adder.
The adder is severely wounded.
The adder bites you but does no damage. The quokka closely misses you.
The adder closely misses you.
You hit the adder.
The adder is severely wounded.
The quokka bites you but does no damage.
The adder barely misses you.
You hit the adder but do no damage.
The adder is severely wounded.
The quokka closely misses you. The adder closely misses you.
The quokka bites you.
You hit the adder.
The adder is almost dead.
The adder bites you. The quokka closely misses you.
You barely miss the adder. Your bite misses the adder.
The adder is almost dead.
The adder bites you.
* * * LOW HITPOINT WARNING * * *
The quokka bites you.
* * * LOW HITPOINT WARNING * * *
You hit the adder.
The adder is almost dead.
The adder barely misses you. The quokka bites you.
You die...

.... .....
.....
#######+##.....
#..............
#......r.......
#.....@S.......
#..............
#######.##.....
#.# #### #.#
###.# #<..#
#####


You could see an adder and a quokka.

Vanquished Creatures
  A dart slug (D:1)
  A ball python (D:1)
  An endoplasm (D:1)
  4 hobgoblins (D:1)
  2 bats (D:1)
  A frilled lizard (D:1)
  A kobold (D:1)
11 creatures vanquished.

Notes
Turn   | Place    | Note
-------+----------+-------------------------------------------
     0 | D:1      | LynnLen the Vampire Enchanter began the quest for the Orb.
     0 | D:1      | Reached XP level 1. HP: 13/13 MP: 3/3
   189 | D:1      | Found a faded altar of an unknown god.
   194 | D:1      | Reached XP level 2. HP: 15/15 MP: 5/5
   372 | D:1      | Reached skill level 5 in Stealth
   710 | D:2      | Slain by a quokka

Illustrated notes

Levels and vault maps discovered:
D:1:      erik_arrival_cave_to_civilisation [erik_arrival_cave_to_hall],
          layout_rooms, dreamdust_ecumenical_altar_statues
D:2:      layout_basic, basic_altar

Skill      XL: |  1  2 |
---------------+-------+-----
Stealth        | 5 |  5.2
Short Blades   | |  1.1
Dodging        | |  2.5
Spellcasting   | |  2.1
Hexes          | |  4.4

Action                   || total
-------------------------++-------
Melee: Dagger            ||    32
       Bite              ||     5
       Punch             ||     1
 Abil: Exsanguinate      ||     1
  Use: Scroll            ||     1
 Stab: Sleeping          ||     8
Armor: Leather armour    ||     2
       Robe              ||     1
Dodge: Dodged            ||    21

Table legend: (Time is in decaauts)
 A = Elapsed time spent in this place.
 B = Non-inter-level travel time spent in this place.
 C = Inter-level travel time spent in this place.
 D = Time resting spent in this place.
 E = Time spent auto-exploring this place.
 F = Levels seen in this place.
 G = Mean time per level.
                   A        B        C        D        E       F      G
               +--------+--------+--------+--------+--------+-----+--------+
         Total |    708 |    708 |      0 |    125 |    392 |   2 |  354.0 |
       Dungeon |    708 |    708 |      0 |    125 |    392 |   2 |  354.0 |
               +--------+--------+--------+--------+--------+-----+--------+

Top non-repeatable levels by time:
     D:1: 688 daAuts
     D:2: 20 daAuts
